Map: Ulrena

Players

LilDicky - Winner!

  • Race: Terran Terran
  • League: Diamond

MagicLi

  • Race: Terran Terran
  • League: Diamond

VOD

http://www.twitch.tv/tumescentpie

Description

Time

  • Played on: Dec. 26, 2015, 5:52 p.m.
  • Length: 30:37
Show
View Real Time Build Order
Export as new Build Order

LilDicky Terran - Winner!

Build Orders: 1/1/1, Liberator Opening 

Get SALT Encoding   

  12  0:02  SCV  
  13  0:14  SCV  
  13  0:18  Supply Depot  
  14  0:26  SCV  
  15  0:32  Refinery  
  15  0:40  SCV  
  16  0:45  Barracks  
  16  0:52  SCV  
  17  1:01  Refinery  
  17  1:04  SCV  
  18  1:16  SCV  
  19  1:32  Marine  
  21  1:34  Orbital Command  
  21  1:39  Factory  
  20  1:48  Supply Depot  
  20  1:56  Marine  
  21  2:07  SCV  
  21  2:13  Marine  
  22  2:19  SCV  
  22  2:22  Factory Tech Lab  
  23  2:26  Starport  
  23  2:31  Marine  
  23  2:33  SCV  
  25  2:45  SCV  
  25  2:47  Liberator  
  26  2:57  SCV  
  27  3:05  Marine  
  31  3:11  Supply Depot  
  31  3:19  Supply Depot  
  31  3:32  SCV, Siege Tank, Marine  
  31  3:33  Supply Depot  
  36  3:40  Liberator  
  36  3:42  Supply Depot  
  36  3:44  SCV  
  37  4:00  SCV  
  41  4:03  Marine  
  41  4:04  Siege Tank  
  45  4:19  SCV  
  46  4:31  Command Center  
  46  4:37  Siege Tank  
  43  5:08  SCV  
  41  5:16  Engineering Bay  
  41  5:20  Siege Tank  
  41  5:21  SCV  
  43  5:33  SCV  
  39  5:53  Siege Tank  
  39  5:58  SCV  
  39  6:00  Orbital Command  
  35  6:11  SCV  
  35  6:12  Missile Turret  
  33  6:23  SCV  
  33  6:25  Siege Tank  
  36  6:42  Starport Tech Lab  
  36  6:43  SCV  
  37  6:47  SCV  
  37  6:48  Factory  
  38  6:54  Command Center  
  38  6:55  SCV  
  38  6:57  Siege Tank  
  38  6:59  SCV  
  43  7:02  Refinery  
  43  7:04  Refinery  
  43  7:06  Missile Turret  
  43  7:07  SCV  
  44  7:11  SCV  
  44  7:14  Missile Turret  
  48  7:19  SCV  
  46  7:24  SCV  
  47  7:30  Starport Reactor  
  47  7:31  SCV  
  47  7:36  SCV  
  48  7:40  Missile Turret  
  48  7:43  SCV  
  49  7:56  SCV x2  
  49  7:58  Siege Tank x2  
  57  8:04  Missile Turret  
  57  8:08  SCV x2  
  60  8:15  Orbital Command  
  60  8:18  Viking x2  
  64  8:20  SCV  
  64  8:21  SCV  
  64  8:23  Starport  
  65  8:33  SCV x2  
  67  8:34  Factory  
  67  8:37  Hellion x2  
  67  8:38  Barracks Reactor  
  71  8:45  SCV  
  72  8:51  Orbital Command  
  72  8:53  Viking  
  74  8:58  Hellion, Siege Tank  
  74  8:59  SCV  
  74  9:01  SCV, Supply Depot  
  81  9:11  SCV  
  81  9:12  Starport Tech Lab  
  81  9:14  Supply Depot  
  82  9:31  Supply Depot, SCV  
  82  9:33  Hellion x2, Siege Tank x2  
  82  9:35  Banshee  
  96  9:43  SCV x2  
  96  9:44  SCV  
  99  9:49  Armory, Hi-Sec Auto Tracking  
  99  9:52  Viking  
  101  9:53  Supply Depot  
  101  9:55  SCV  
  101  9:56  SCV  
  101  9:57  SCV, Refinery  
  101  9:58  Refinery  
  104  10:08  SCV x2  
  104  10:09  SCV, Missile Turret  
  104  10:12  Hellion x2, Siege Tank  
  114  10:26  Banshee  
  114  10:27  Viking x2  
  121  10:29  Barracks  
  119  10:47  Sensor Tower  
  117  10:54  Hellion x2  
  117  10:55  Hellion x2  
  117  10:57  Viking x2  
  121  11:15  Hellion  
  123  11:19  Siege Tank  
  103  11:43  Hellion, Siege Tank  
  103  11:44  Hellion  
  107  11:51  Siege Tank  
  108  12:10  Hellion x2  
  108  12:11  Banshee  
  108  12:12  Viking x2  
  108  12:13  SCV x2  
  121  12:15  Siege Tank  
  122  12:23  Siege Tank  
  118  12:44  Hellion  
  118  12:47  Viking x2  
  118  12:49  Siege Tank  
  124  12:54  Banshee  
  124  12:55  Command Center, Siege Tank  
  110  13:10  Cloaking Field  
  110  13:11  Command Center  
  92  13:29  Hellion x2, Siege Tank x2  
  92  13:31  Drilling Claws  
  98  13:37  Banshee  
  99  14:05  Hellion x2, Siege Tank x2  
  99  14:09  Refinery  
  109  14:21  Banshee, Viking x2  
  109  14:22  SCV  
  117  14:27  Orbital Command  
  117  14:28  Factory x2  
  117  14:29  Refinery  
  117  14:31  Planetary Fortress, Refinery x2  
  117  14:33  SCV x2  
  117  14:34  Missile Turret  
  117  14:37  Siege Tank  
  122  14:45  Hellion x2, Siege Tank  
  129  14:51  Terran Vehicle And Ship Armor Level 1  
  129  14:55  Armory  
  129  15:06  Hellion x2  
  133  15:07  SCV  
  133  15:10  Siege Tank  
  137  15:15  Command Center  
  137  15:17  Hellion  
  139  15:27  Hellion  
  137  15:57  Hellion x2, Siege Tank  
  137  16:03  Factory Reactor  
  146  16:06  Factory Reactor  
  144  16:11  Hellion x2  
  144  16:13  Missile Turret x2  
  144  16:14  Missile Turret  
  144  16:30  Refinery, Hellion x2, Siege Tank x2  
  153  16:42  Banshee  
  153  16:44  Viking x2  
  153  16:45  Terran Vehicle And Ship Armor Level 2  
  153  16:47  Terran Ship Weapons Level 1  
  160  17:00  Refinery  
  160  17:02  Siege Tank x2  
  166  17:13  Infernal Pre-Igniter  
  166  17:15  Widow Mine x3  
  166  17:16  Hellion x2, Widow Mine  
  168  17:25  Missile Turret  
  168  17:29  Missile Turret  
  166  17:33  Widow Mine x2  
  166  17:37  Widow Mine x2  
  170  17:44  Widow Mine x2  
  174  17:47  Missile Turret  
  174  17:51  Missile Turret  
  148  18:04  Viking x2  
  137  18:14  Starport  
  137  18:15  Starport  
  130  18:22  Starport x2  
  121  18:43  Banshee, Viking x2  
  119  19:13  Viking x2  
  119  19:14  Hellion x5  
  119  19:15  Hellion x2, Siege Tank  
  136  19:28  Viking x2  
  136  19:29  Viking x2  
  136  19:31  Viking  
  143  19:34  Planetary Fortress  
  143  19:36  Siege Tank  
  146  19:47  Siege Tank  
  146  19:51  Hellion x5  
  159  19:53  Command Center x2, Terran Vehicle And Ship Armor Level 3  
  159  19:55  Terran Ship Weapons Level 2, Command Center  
  159  20:01  Command Center  
  159  20:03  Refinery  
  159  20:04  Refinery  
  159  20:05  Fusion Core  
  159  20:06  Armory x2  
  156  20:08  Siege Tank  
  156  20:09  Missile Turret  
  156  20:10  Missile Turret  
  156  20:11  Missile Turret  
  156  20:12  Missile Turret  
  156  20:13  Missile Turret  
  133  20:27  Starport Tech Lab x3  
  98  20:40  Siege Tank x2  
  97  20:54  Battlecruiser  
  97  20:55  Viking x2  
  103  21:03  Hellion x6  
  115  21:06  Orbital Command  
  115  21:09  Starport Tech Lab  
  115  21:11  Planetary Fortress  
  115  21:12  Siege Tank x2  
  115  21:14  Starport Tech Lab  
  121  21:24  Hellion  
  110  21:41  Planetary Fortress  
  110  21:43  Missile Turret  
  110  21:44  Hellion x3, Siege Tank  
  110  21:45  Siege Tank  
  122  21:50  Planetary Fortress  
  122  21:53  Command Center  
  122  21:54  Command Center, Missile Turret  
  122  21:56  Missile Turret  
  122  21:58  Battlecruiser  
  122  21:59  Missile Turret  
  122  22:01  Refinery  
  128  22:02  Refinery  
  128  22:14  SCV x3  
  122  22:16  Siege Tank  
  122  22:17  Siege Tank  
  119  22:39  Planetary Fortress  
  117  22:49  Siege Tank x2  
  117  23:11  Hellion x2  
  117  23:12  Battlecruiser x3  
  136  23:21  Siege Tank x2  
  131  23:40  Hellion x3  
  131  23:41  Viking x2  
  116  23:53  Missile Turret  
  116  23:58  Planetary Fortress x2  
  116  24:02  Missile Turret  
  116  24:04  Missile Turret  
  116  24:11  Viking x2  
  116  24:16  Battlecruiser x2, Raven  
  134  24:22  Missile Turret  
  134  24:25  Missile Turret  
  134  24:26  Terran Vehicle Weapons Level 1  
  134  24:27  Terran Ship Weapons Level 3  
  134  24:44  Missile Turret  
  124  24:59  Battlecruiser  
  130  25:20  Battlecruiser  
  136  25:23  Liberator  
  136  25:24  SCV, Liberator  
  137  25:30  Hellion x2  
  137  25:31  Hellion x4  
  137  25:32  Battlecruiser  
  161  25:46  Refinery x2  
  161  25:53  Command Center  
  159  26:04  Battlecruiser  
  165  26:08  Weapon Refit  
  157  26:33  Viking x3  
  151  26:51  Behemoth Reactor  
  151  27:17  Missile Turret  
  151  27:21  Command Center, Missile Turret  
  148  27:25  Missile Turret  
  120  28:04  Command Center, Battlecruiser x2  
  120  28:05  Battlecruiser, Viking  
  140  28:06  Hellion x5  
  140  28:07  Hellion x3  
  156  28:24  Missile Turret  
  156  28:27  Hellion  
  158  29:02  Hellion x2  
  158  29:03  Hellion x3, Viking  
  158  29:09  Battlecruiser x3  
Show
View Real Time Build Order
Export as new Build Order

MagicLi Terran 

Build Orders:  

Get SALT Encoding   

  12  0:00  SCV  
  13  0:13  SCV  
  14  0:18  Supply Depot  
  14  0:25  SCV  
  15  0:40  SCV  
  16  0:42  Barracks  
  16  0:50  Refinery  
  16  0:52  SCV  
  17  1:04  SCV  
  18  1:16  SCV  
  19  1:29  Orbital Command  
  19  1:30  Marine  
  20  1:43  Command Center  
  20  1:51  Supply Depot, Marine  
  21  1:55  SCV  
  22  2:06  Factory  
  22  2:08  SCV  
  23  2:15  Marine  
  24  2:20  SCV  
  25  2:26  Refinery  
  25  2:32  SCV  
  25  2:33  Marine  
  27  2:40  Supply Depot  
  27  2:44  SCV  
  28  2:51  Widow Mine  
  28  2:52  Starport  
  28  2:56  SCV  
  31  3:00  Orbital Command  
  31  3:02  Marine  
  32  3:08  Engineering Bay  
  32  3:18  Orbital Command  
  32  3:19  SCV  
  33  3:20  Widow Mine  
  33  3:23  Marine  
  36  3:30  Medivac  
  38  3:37  Terran Infantry Weapons Level 1, Missile Turret  
  38  3:38  SCV  
  38  3:40  Marine  
  40  3:44  SCV  
  41  3:50  Factory Tech Lab  
  41  3:53  SCV  
  42  4:00  SCV, Barracks  
  43  4:03  Barracks  
  43  4:11  SCV  
  43  4:13  Siege Tank  
  47  4:19  Viking  
  47  4:21  Supply Depot  
  49  4:32  Marine  
  48  4:47  Siege Tank  
  48  4:50  Marine  
  50  4:54  Marine  
  50  4:55  Marine  
  52  5:06  Viking  
  47  5:08  Marine  
  47  5:11  Missile Turret  
  46  5:18  Supply Depot  
  40  5:36  Viking  
  40  5:42  Marine x2  
  39  5:50  Marine  
  34  6:00  Marine x2  
  33  6:08  Marine  
  32  6:13  Orbital Command  
  32  6:15  Siege Tank  
  32  6:16  Viking  
  32  6:17  Marine  
  39  6:27  Terran Infantry Armor Level 1  
  39  6:29  Barracks Tech Lab, Marine  
  39  6:35  Marine  
  38  6:43  SCV x2  
  38  6:47  Marine  
  38  6:53  Siege Tank, Marine  
  43  6:55  SCV  
  43  7:00  Starport Reactor  
  44  7:02  SCV  
  44  7:05  Marine  
  44  7:07  SCV  
  44  7:08  Marine  
  48  7:09  Stimpack  
  48  7:11  Marine  
  48  7:14  SCV  
  50  7:17  Refinery  
  50  7:18  Refinery  
  50  7:19  SCV  
  50  7:22  Supply Depot  
  51  7:27  SCV  
  52  7:31  SCV  
  52  7:38  Viking  
  52  7:39  SCV  
  55  7:44  SCV  
  55  7:51  SCV  
  56  7:57  SCV  
  52  7:59  Siege Tank  
  52  8:03  SCV  
  56  8:09  SCV  
  56  8:10  Viking  
  56  8:11  Viking, Marine  
  56  8:12  Marine x2  
  64  8:16  Supply Depot  
  64  8:19  Armory  
  64  8:20  Supply Depot, Engineering Bay  
  64  8:22  Missile Turret  
  64  8:25  SCV x2  
  66  8:30  Barracks Reactor, Marine  
  67  8:37  SCV  
  67  8:38  SCV  
  67  8:39  Barracks Reactor  
  69  8:43  Missile Turret  
  69  8:45  Medivac  
  69  8:48  Marauder  
  73  8:49  SCV  
  73  8:50  SCV  
  73  8:55  Supply Depot  
  75  8:57  Supply Depot  
  75  9:01  SCV  
  76  9:05  Supply Depot, SCV  
  76  9:06  Siege Tank  
  76  9:09  Marine x2  
  82  9:13  Terran Infantry Armor Level 2  
  82  9:15  SCV  
  83  9:23  Combat Shields  
  83  9:27  Supply Depot  
  83  9:32  Command Center  
  83  9:34  Marine x2  
  85  9:39  Missile Turret  
  85  9:48  Terran Infantry Weapons Level 2  
  85  9:51  SCV  
  86  9:55  Supply Depot  
  86  10:01  Siege Tank  
  86  10:02  Barracks  
  89  10:14  SCV x2  
  90  10:17  Medivac  
  90  10:18  Medivac  
  90  10:19  Barracks  
  95  10:26  SCV  
  96  10:30  Missile Turret  
  90  11:06  Barracks Reactor  
  90  11:08  Concussive Shells  
  90  11:09  Siege Tank, Marauder  
  90  11:10  Marine x4  
  99  11:13  Marine  
  99  11:15  Refinery x2  
  87  11:27  Marine  
  87  11:28  Marine x3  
  87  11:30  Marauder  
  87  11:31  Marine  
  84  11:45  Marine x2  
  84  11:46  Marine  
  84  11:52  Marauder  
  82  12:14  Marine  
  82  12:15  Marine x2  
  85  12:19  Marine  
  85  12:20  Marine  
  64  12:37  Viking  
  64  12:38  Viking  
  64  12:39  Marine  
  64  12:40  Marauder  
  64  12:46  Marine x5  
  66  12:56  Marine  
  66  12:57  Marine  
  66  12:58  Siege Tank  
  68  13:01  Marauder  
  68  13:04  Marine x4  
  69  13:22  Marauder  
  69  13:26  Missile Turret  
  70  13:33  Marine x2  
  70  13:44  Orbital Command, Marauder  
  70  13:46  SCV  
  70  13:48  Terran Infantry Weapons Level 3  
  73  13:49  Terran Infantry Armor Level 3  
  73  13:51  Viking x2  
  73  13:54  Factory  
  77  13:58  SCV  
  77  13:59  Refinery  
  77  14:01  Refinery  
  78  14:07  Marauder, Marine  
  80  14:15  Marine x2  
  78  14:25  Supply Depot, Orbital Command  
  78  14:27  Refinery  
  78  14:28  Marauder  
  80  14:41  Barracks Tech Lab  
  80  14:44  Viking  
  80  14:45  Viking, Starport  
  84  14:46  Factory Tech Lab  
  84  14:50  Marauder  
  86  14:58  SCV x2  
  88  15:03  SCV  
  89  15:10  SCV  
  89  15:12  SCV  
  91  15:20  Marine  
  91  15:21  Marauder x2, Marine  
  97  15:22  Supply Depot, Viking, Siege Tank x2  
  97  15:23  Starport Reactor  
  97  15:26  Marine  
  106  15:34  Marine  
  107  15:40  Marine x4  
  107  15:42  Viking, Marauder x2  
  114  15:44  Marine  
  111  15:52  Marine  
  109  15:57  Marine  
  109  15:58  Marine x3  
  109  16:00  Siege Tank x2  
  109  16:02  Marine  
  109  16:03  Marine x2  
  122  16:10  Marine  
  123  16:15  Marine  
  123  16:17  Missile Turret  
  124  16:18  Marine  
  124  16:19  Marine x3  
  124  16:20  Viking  
  124  16:21  Marine x2  
  132  16:28  Marine  
  132  16:32  Siege Tank  
  136  16:33  Missile Turret, Marine  
  136  16:36  Siege Tank, Marine  
  136  16:37  Marine x2  
  143  16:40  SCV x2  
  143  16:41  SCV  
  143  16:45  Refinery  
  143  16:46  Supply Depot  
  146  16:54  Refinery  
  146  16:57  Viking x2  
  142  17:19  Medivac x2, Marauder  
  142  17:22  Marauder, Marine  
  151  17:27  SCV, Medivac  
  151  17:28  SCV  
  155  17:34  Marine x2  
  155  17:35  Marine  
  123  18:03  Marine x3  
  123  18:04  Marine x5  
  101  18:21  Marine x4  
  101  18:22  Marine x4  
  101  18:23  Siege Tank x2  
  101  18:24  Viking x2  
  119  18:39  SCV x2, Marine x4  
  116  18:56  Marine  
  116  18:57  Marine x7  
  123  19:14  Marine x4  
  123  19:15  Marine x4  
  117  19:32  Marine x3  
  117  19:33  Marauder x2, Marine x3  
  117  19:34  Siege Tank x2  
  133  19:50  Marine x3  
  136  19:58  Missile Turret  
  136  20:06  Siege Tank  
  107  20:37  Marauder, Marine x3  
  107  20:38  Marauder, Marine x3  
  109  20:47  Siege Tank  
  112  20:55  Marine x4  
  112  20:56  Siege Tank, Marine x2  
  117  20:59  Marauder  
  109  21:13  Marine  
  108  21:20  Marauder  
  108  21:23  Siege Tank  
  107  21:42  Marauder  
  109  21:48  Orbital Command  
  107  21:56  Missile Turret  
  107  22:03  Marauder  
  107  22:10  Marine  
  107  22:11  Medivac x2  
  107  22:12  Banshee  
  110  22:19  Marine x2  
  110  22:20  Marine  
  112  22:24  Marauder  
  108  22:30  Marine x3  
  108  22:31  Siege Tank, Marine  
  108  22:32  Siege Tank  
  115  22:46  Marine, Marauder  
  115  22:50  Marine x2  
  115  22:51  Marine  
  108  23:00  Banshee  
  108  23:02  Cloaking Field  
  108  23:04  Siege Tank x2  
  116  23:07  Marauder  
  116  23:09  Marine  
  116  23:10  Marine x7  
  117  23:28  Marauder  
  91  23:43  Marine  
  91  23:44  Marine x7  
  95  23:50  Marauder  
  97  23:59  SCV x2, Refinery  
  97  24:00  Refinery  
  97  24:01  Marine  
  97  24:02  Marine x7  
  107  24:09  Refinery  
  107  24:11  Marauder  
  109  24:19  Marine x7  
  116  24:33  Marauder  
  118  24:40  Marine x6  
  118  24:41  Siege Tank  
  118  24:42  Siege Tank  
  118  24:43  Supply Depot  
  130  24:51  Marine x2  
  132  24:54  Marauder  
  132  24:58  Marine x3  
  133  25:00  Marine  
  133  25:01  Marine x2  
  133  25:02  Viking x3  
  138  25:09  Marine x2  
  121  25:15  Marauder  
  121  25:21  Command Center  
  107  25:22  Marine  
  107  25:23  Marine x5  
  107  25:26  Marine  
  107  25:27  Marine  
  109  25:35  Viking x3  
  112  25:36  Marine  
  112  25:40  Marine  
  112  25:41  Marine x2  
  100  25:47  Marine x5  
  101  25:55  Marauder  
  102  25:58  Marine x3  
  104  26:04  Marine  
  104  26:05  Marine  
  105  26:23  Marine  
  105  26:24  Marine  
  100  26:32  Marine  
  96  26:33  Marine x6  
  96  26:37  Medivac x2  
  103  26:41  Marine x2  
  96  26:50  Marine  
  96  26:51  Marine  
  98  26:57  Orbital Command  
  98  27:03  SCV  
  98  27:04  SCV  
  98  27:08  Marine  
  100  27:09  Marine x2  
  39  27:47  Marine x6  
  39  27:48  Marine x3  
  32  28:05  Marine  
  27  28:13  Marine x6  
Tags
 
Add a new tag
Caveats
  • Supply blocks, unpowered buildings, or Contaminate may cause inaccurate times.
  • Supply counts are checked every 10 seconds.